[Event "FIDE Grand Swiss 2023"]
[Site "Villa Marina, Douglas, Isle of Man, Isle Of Man"]
[Date "2023.11.03"]
[Round "9.1"]
[White "Caruana, Fabiano"]
[Black "Deac, Bogdan-Daniel"]
[Result "1/2-1/2"]
[TimeControl "40/90 + 30 + 30s/move"]
[WhiteFideId "2020009"]
[BlackFideId "1226380"]
[WhiteElo "2786"]
[BlackElo "2701"]

1. e4 e5 2. Nf3 Nc6 3. Bc4 Nf6 4. d3 Bc5 5. c3 d6 6. Bg5 h6 7. Bh4 a6 8. Nbd2 Ba7 9. O-O Qe7 10.
b4 g5 11. Bg3 Nh7 12. Bd5 Nf8 13. Nc4 Ng6 14. Ne3 Qd8 15. h3 h5 16. Qb3 O-O 17. a4 g4 18. hxg4 hxg4 19. Nh2 Qg5 20.
b5 Na5 21. Qc2 Bxe3 22. fxe3 Qxe3+ 23. Qf2 Qxf2+ 24. Rxf2 Kg7 25. d4 Bd7 26. Nf1 axb5 27. axb5 c6 28. bxc6 bxc6 29. Ba2 Nb7 30.
Rb1 Nd8 31. Ne3 Ra3 32. Rb3 Rxb3 33. Bxb3 Be6 34. Nf5+ Bxf5 35. exf5 Nf4 36. dxe5 dxe5 37. Bxf4 exf4 38. Rxf4 Kf6 39.
Kf2 Nb7 40. Rxg4 Kxf5 41. Rc4 Rc8 42. Kf3 Rc7 43. Rf4+ 1/2-1/2

[Event "FIDE Grand Swiss 2023"]
[Site "Villa Marina, Douglas, Isle of Man, Isle Of Man"]
[Date "2023.11.03"]
[Round "9.8"]
[White "Wojtaszek, Radoslaw"]
[Black "Aronian, Levon"]
[Result "1/2-1/2"]
[TimeControl "40/90 + 30 + 30s/move"]
[WhiteFideId "1118358"]
[BlackFideId "13300474"]
[WhiteElo "2668"]
[BlackElo "2742"]

1. d4 Nf6 2. c4 e6 3. Nf3 d5 4. g3 Be7 5. Bg2 O-O 6. Nc3 Nc6 7. Ne5 Nxe5 8. dxe5 Nd7 9. cxd5 Nxe5 10.
O-O exd5 11. Nxd5 Bd6 12. b3 c6 13. Ne3 Bc5 14. Qc2 Bd4 15. Bb2 Bxb2 16. Qxb2 Qf6 17. Qc2 Ng4 18. Nc4 Rd8 19.
h3 Ne5 20. Ne3 Be6 21. f4 Nd7 22. Rad1 Nb6 23. Qc5 Re8 24. Rd2 Qe7 25. Qxe7 Rxe7 26. Rfd1 Rae8 27. Rd8 Kf8 28. Kf2 a5 29.
R1d4 Rxd8 30. Rxd8+ Re8 31. Rd4 g6 32. Nd1 Nd5 33. e4 Nb4 34. Nc3 f6 35. h4 Ke7 36. Bf1 b5 37. Rd2 Na6 38.
Ke3 Nc5 39. Rc2 b4 40. Nb5 Nxe4 41. Nc7 Nxg3 42. Nxe8 Nxf1+ 43. Kf2 Kxe8 44. Kxf1 Kd7 45. Ke2 Kd6 46. Ke3 c5 47. Rd2+ Kc6 48.
Kd3 h6 49. Kc2 g5 50. fxg5 fxg5 51. hxg5 hxg5 52. Rh2 g4 53. Rh5 a4 54. Rg5 axb3+ 55. axb3 Kd6 56. Kb2 Ke7 57. Rxc5 Kf6 58.
Kc2 g3 59. Kd2 g2 60. Rc1 Bxb3 61. Ke3 Bc2 62. Rg1 b3 63. Kd2 Be4 64. Kc3 Bd5 65. Rxg2 Bxg2 66. Kxb3 1/2-1/2

[Event "FIDE Grand Swiss 2023"]
[Site "Villa Marina, Douglas, Isle of Man, Isle Of Man"]
[Date "2023.11.03"]
[Round "9.46"]
[White "Ivanchuk, Vasyl"]
[Black "Gurel, Ediz"]
[Result "1-0"]
[TimeControl "40/90 + 30 + 30s/move"]
[WhiteFideId "14100010"]
[BlackFideId "44507356"]
[WhiteElo "2653"]
[BlackElo "2514"]

1. e4 e5 2. Bc4 Nf6 3. d3 c6 4.
Nf3 d5 5. Bb3 a5 6. a4 Bb4+ 7. c3 Bd6 8. O-O O-O 9. Re1 dxe4 10. dxe4 Qe7 11. Nbd2 Nbd7 12. Nf1 Nc5 13. Bc2 Be6 14.
Ng3 Rfd8 15. Qe2 Qc7 16. Bg5 Be7 17. Nf5 Bxf5 18. exf5 e4 19. Nd2 Re8 20. Rad1 Rad8 21. g3 Qc8 22.
Nc4 Rxd1 23. Rxd1 Qxf5 24. Bxf6 Qxf6 25.
Nxa5 Bf8 26. Nc4 g6 27. a5 Qe6 28. Kg2 Nd7 29. Ne3 Nf6 30. Qc4 Qe5 31. a6 bxa6 32. Qxc6 Re6 33. Qc8 Kg7 34.
b4 Qb5 35. Qc4 Rc6 36. Qd4 Rd6 37. Qa7 Qb6 38. Qxb6 Rxb6 39. Rd4 Rc6 40. Nc4 Be7 41. Kf1 e3 42. f3 Rc7 43. Bb3 Nd7 44.
Re4 Bf6 45. Rxe3 Rc6 46. f4 Nb6 47. Ne5 Bxe5 48. fxe5 a5 49. Ke2 axb4 50. cxb4 Rc1 51. Kd3 Nd7 52. Kd4 Rc7 53. b5 Rb7 54.
Bc4 Ra7 55. Kd5 Nb6+ 56. Kc5 Nd7+ 57. Kc6 Nb8+ 58. Kb6 Re7 59. e6 h5 60. h4 fxe6 61. Rxe6 Nd7+ 62. Kc7 Rxe6 63. Bxe6 Nc5 64. Kd6 Nb7+ 65. Ke5 1-0

[Event "FIDE Grand Swiss 2023"]
[Site "Villa Marina, Douglas, Isle of Man, Isle Of Man"]
[Date "2023.11.03"]
[Round "9.51"]
[White "Nguyen, Thai Dai Van"]
[Black "Samunenkov, Ihor"]
[Result "1/2-1/2"]
[TimeControl "40/90 + 30 + 30s/move"]
[WhiteFideId "358878"]
[BlackFideId "14187086"]
[WhiteElo "2618"]
[BlackElo "2531"]

1. d4 d5 2. c4 e6 3. Nf3 Nf6 4. g3 dxc4 5. Bg2 c5 6. O-O Nc6 7. Qa4 Bd7 8. Qxc4 cxd4 9. Nxd4 Rc8 10.
Nc3 Nxd4 11. Qxd4 Bc5 12. Qh4 Bc6 13. Bxc6+ Rxc6 14. Bg5 Be7 15. Rfd1 Qa5 16. Ne4 Qe5 17. Nxf6+ Bxf6 18. Bxf6 Qxf6 19.
Qxf6 gxf6 20. Rac1 Rxc1 21. Rxc1 Kd7 22. Kg2 Rg8 23. f4 f5 24. Kh3 Rg6 25. Rd1+ Kc7 26. Rc1+ Kd7 27. Rc3 a5 28. Rc2 Rh6+ 29.
Kg2 Rg6 30. Kf3 Rg8 31. Kg2 Rg6 32. Rc5 b6 33. Rc2 Rg8 34. Kh3 Rg6 35. Rd2+ Ke7 36. Rd3 Rg8 37. Rb3 Rc8 38. Rxb6 Rc2 39.
e3 Kf6 40. Rb5 Kg6 41. a4 Re2 42. Rb3 h5 43. Rb5 Rd2 44. Rxa5 Rxb2 45. Ra8 Ra2 46. Ra5 Kh6 47. Ra7 Kg6 48. Ra6 Kg7 49. a5 Kg6 50. Ra7 Kf6 51. a6 Kg6 52.
Ra8 Kf6 53. Ra7 Kg6 54. Ra8 Kf6 55. Rh8 Rxa6 56. Rxh5 Ra3 57. e4 fxe4 58. Re5 Ra4 59. g4 Ra3+ 60. Kg2 Ra2+ 61. Kg3 Ra3+ 62.
Kh4 Re3 63. h3 Kg6 64. Rg5+ Kf6 65. Re5 Kg6 66. Rg5+ Kf6 1/2-1/2